 Dungeon Crawl Stone Soup version 0.29-a0-338-g1ff7896281 (webtiles) character file.

Game seed: 4808577396347848210

150 spaghetti the Sneak (level 5, 0/44 (45) HPs)
             Began as a Naga Artificer on Apr 18, 2022.
             Slain by Crazy Yiuf
             ... wielding a +3 quarterstaff of chaos
              (5 damage)
             ... on level 3 of the Dungeon.
             The game lasted 00:05:05 (3919 turns).

spaghetti the Sneak (Naga Artificer)                Turns: 3919, Time: 00:05:05

HP:   0/44 (45)     AC: 10    Str: 17    XL:     5   Next: 32%
MP:   5/5           EV:  5    Int: 11    God:
Gold: 234           SH:  0    Dex: 11    Spells: 4/4 levels left

rFire   . . .      SeeInvis +   j - +0 short sword (venom) {short}
rCold   . . .      Faith    .   (no shield)
rNeg    . . .      Spirit   .   g - +0 chain mail
rPois   +          Reflect  .   (no helmet)
rElec   .          Harm     .   (no cloak)
rCorr   .          Rampage  .   (no gloves)
Will    .....                   (no barding)
Stlth   ..........              (no amulet)
HPRegen 0.14/turn               t - +4 ring of protection
MPRegen 0.09/turn               (no ring)

@: confused, lightly drained, very slow
A: AC +1, large, see invisible, deformed body, poison resistance, slowness 2,
spit poison 1, naga tail 1, high MP 1
a: Spit Poison


You were on level 3 of the Dungeon.
You visited 1 branch of the dungeon, and saw 4 of its levels.

You collected 234 gold pieces.


Innate Abilities, Weirdness & Mutations

Your serpentine skin is tough. (AC +1)
You have supernaturally acute eyesight. (SInv)
Armour fits poorly on your strangely shaped body.
Your system is resistant to poisons. (rPois)
You cover ground very slowly.
You can spit poison.
You have a snake-like lower body.
You have an increased reservoir of magic. (+10% MP)


   Skills:
 + Level 2.1 Fighting
 * Level 2.6 Armour
 + Level 1.7 Dodging
 * Level 4.9 Stealth
 - Level 3.0 Evocations


You had 4 spell levels left.
You didn't know any spells.
Your spell library contained the following spells:

 Spells                   Type           Power      Damage    Failure   Level
 Blink                    Tloc           0%         N/A       100%        2
 Lesser Beckoning         Tloc           0%         N/A       100%        3
 Manifold Assault         Tloc           0%         N/A       100%        5
 Storm Form               Tmut/Air       0%         N/A       100%        7

Inventory:

Hand Weapons
 a - a +0 club {mace}
 j - a +0 short sword of venom (weapon) {short}
   (You took it off a kobold on level 1 of the Dungeon)
Missiles
 f - 9 javelins {throwing}
 m - 118 stones (quivered) {throwing}
 q - 4 boomerangs {throwing}
Armour
 b - a +0 leather armour
 g - a +0 chain mail (worn)
   (You found it on level 1 of the Dungeon)
Jewellery
 i - a ring of willpower
   (You took it off a goblin on level 3 of the Dungeon)
 t - a +4 ring of protection (left hand)
   (You found it on level 2 of the Dungeon)
Wands
 c - a wand of flame (14)
 d - a wand of charming (15)
 e - a wand of iceblast (9)
Scrolls
 h - 3 scrolls of identify {@r1}
 k - a scroll of noise {!r}
 l - 2 scrolls of fog
 p - a scroll of amnesia

Dungeon Overview and Level Annotations

Branches:
Dungeon (4/15)
 Temple: D:4-7

Altars:

Shops:
D:1 (

Annotations:
D:3 Crazy Yiuf
D:4 Ijyb

#.#
###.######
### #.# #>#
##### ##'##
#)..#
##...##
#...#
##.....##
...
##.......##
#g#
#.........##
♣@♣♣
#.........+.
♣♣.♣
#.........##
♣.♣♣
##.......##
♣♣.♣
##.....##
♣♣.♣♣
##...##
♣♣.♣.♣ ##'##
♣.PPP♣ #.#
#....# #.#
#####..##
##.######


You could see Crazy Yiuf (very poisoned).


Message History

No target in view!
No target in view!
No target in view!
No target in view!
No target in view!
No target in view!
No target in view!
No target in view!
No target in view!
No target in view!
No target in view!
No target in view!
No target in view!
No target in view!
No target in view!
No target in view!
No target in view!
No target in view!
No target in view!
You see here a bat corpse.
m - 117 stones {throwing} (gained 2)
You now have 234 gold pieces (gained 11).
m - 118 stones {throwing} (gained 1) Key pressed, stopping explore.
Key pressed, stopping explore.
There is an escape hatch in the floor here.
There is an open door here.
There is an open door here.
Partly explored, can't reach some places.
You hit the bush but do no damage. You hit the fungus but do no damage.
The fungus is poisoned.
The fungus begins to die.
You hit the fungus. You hit the fungus. You hit the fungus.
The fungus looks as sick as possible!
You hit the fungus.
A nearby fungus withers and dies.
You hit the fungus.
The fungus begins to die.
You hit the fungus. You hit the fungus.
A nearby fungus withers and dies.
Crazy Yiuf shouts!
Could not explore, unopened runed door.
You open the door. You hit Crazy Yiuf.
Crazy Yiuf screams, "Cake cower meccalolo!"
Crazy Yiuf completely misses you.
You hit Crazy Yiuf.
Crazy Yiuf is poisoned.
Crazy Yiuf hits you with a +3 quarterstaff of chaos.
Crazy Yiuf burns you. 😕 HP[-7]
You take 7 damage, and now have 38/45 hp.
You are too injured to fight recklessly!
You are too injured to fight recklessly!
You are too injured to fight recklessly!
You are too injured to fight recklessly!
You are too injured to fight recklessly!
You are too injured to fight recklessly!
You are too injured to fight recklessly!
You are too injured to fight recklessly!
You are too injured to fight recklessly!
You are too injured to fight recklessly!
You are too injured to fight recklessly!
You are too injured to fight recklessly!
You are too injured to fight recklessly!
You are too injured to fight recklessly!
You are too injured to fight recklessly!
You are too injured to fight recklessly!
You are too injured to fight recklessly!
You are too injured to fight recklessly!
You hit Crazy Yiuf but do no damage.
Crazy Yiuf looks even sicker.
Crazy Yiuf hits you with a +3 quarterstaff of chaos.
You feel drained. 😕 HP[-1]
You now have 44 max hp (-1).
Unknown command.
You closely miss Crazy Yiuf.
Crazy Yiuf hits you with a +3 quarterstaff of chaos.
Crazy Yiuf hits you with a +3 quarterstaff of chaos!
You are confused. 😮 HP[-12]
You take 12 damage, and now have 25/44 hp.
MASSIVE DAMAGE!! (PAUSE) Unknown command.
You bump into the tree.
Crazy Yiuf hits you with a +3 quarterstaff of chaos!
* * * LOW HITPOINT WARNING * * *
😨 HP[-13]
You take 13 damage, and now have 12/44 hp.
MASSIVE DAMAGE!! (PAUSE) Unknown command.
You aren't carrying any potions.
You are too confused!
You barely miss Crazy Yiuf.
Crazy Yiuf hits you with a +3 quarterstaff of chaos!
* * * LOW HITPOINT WARNING * * *
Crazy Yiuf draws strength from your wounds! 😱 HP[-7]
You take 7 damage, and now have 5/44 hp.
Crazy Yiuf attacks as you move away!
Crazy Yiuf hits you with a +3 quarterstaff of chaos.
You die...

Skill      XL: |  1  2  3  4 |
---------------+-------------+-----
Stealth        | 2 3 4 |  4.9
Dodging        | 1 |  1.7
Armour         | 2 |  2.6
Fighting       | 2 |  2.1
Evocations     | |  3.0

Action                   |  1- 3 |  4- 6 || total
-------------------------+-------+-------++-------
Melee: Club              |    17 |       ||    17
       Short sword       |   103 |   100 ||   203
Throw: Stone             |       |    36 ||    36
 Abil: Spit Poison       |     2 |     2 ||     4
Evoke: Wand              |     1 |       ||     1
  Use: Potion            |     3 |     5 ||     8
       Scroll            |       |     6 ||     6
 Stab: Sleeping          |     1 |       ||     1
       Invisible         |     3 |       ||     3
Armor: Chain mail        |   114 |    62 ||   176
Dodge: Dodged            |    58 |    23 ||    81

Levels and vault maps discovered:
D:1:      tarquinn_simple_flora_water_a, layout_loops_ring, serial_shops,
          shop_coins, minivault_24
D:2:      layout_basic, ebering_ecumenical_altar_abandoned,
          corexii_item_surrounded_by_moat, corexii_hall_statues_l
D:3:      layout_loops_corners, chequers_serial_rivers_marsh,
          kennysheep_small_spiral, hangedman_decor_opposing,
          uniq_crazy_yiuf_cottage
D:4:      layout_cave_pods, uniq_menkaure, uniq_grinder, uniq_edmund, uniq_ijyb

Notes
Turn   | Place    | Note
-------+----------+-------------------------------------------
     0 | D:1      | spaghetti the Naga Artificer began the quest for the Orb.
     0 | D:1      | Reached XP level 1. HP: 18/18 MP: 1/1
     0 | D:1      | magus.rc [v1.9.6]
    47 | D:1      | Reached skill level 2 in Stealth
   249 | D:1      | Reached skill level 1 in Dodging
   249 | D:1      | Reached XP level 2. HP: 23/25 MP: 2/2
   341 | D:1      | Found Vesen's Weapon Shoppe.
   628 | D:1      | Reached skill level 3 in Stealth
   696 | D:1      | Reached XP level 3. HP: 26/31 MP: 3/3
   914 | D:1      | You add the spells Blink, Manifold Assault and Storm Form
                  | to your library.
  1252 | D:1      | Reached skill level 2 in Armour
  1367 | D:2      | You pick up a book of Spatial Translocations and begin
                  | reading...
  1483 | D:2      | Found a faded altar of an unknown god.
  1829 | D:2      | Reached XP level 4. HP: 35/39 MP: 4/4
  1979 | D:2      | Reached skill level 4 in Stealth
  2540 | D:3      | You fall into a shaft and drop 1 floor!
  2583 | D:4      | Noticed Ijyb
  2593 | D:4      | Gained mutation: You have an increased reservoir of magic.
                  | (+10% MP) [potion of mutation]
  2597 | D:4      | Reached skill level 2 in Fighting
  2597 | D:4      | Reached XP level 5. HP: 19/45 MP: 5/5
  3908 | D:3      | Found a runed translucent door.
  3909 | D:3      | Noticed Crazy Yiuf
  3918 | D:3      | HP: 5/44 [Crazy Yiuf/+3 quarterstaff of chaos (7)]
  3919 | D:3      | Slain by Crazy Yiuf

Vanquished Creatures
  A howler monkey (D:4)
  3 adders (D:2)
  2 worms
  3 dart slugs
  4 orcs (D:3)
  10 bats
  5 endoplasms
  2 giant cockroaches (D:1)
  4 hobgoblins
  4 jackals (D:1)
  4 quokkas
  4 ball pythons
  A frilled lizard (D:1)
  11 goblins
  5 kobolds
  A rat (D:1)
64 creatures vanquished.

Vanquished Creatures (others)
  2 fungi (D:3)
2 creatures vanquished.

Grand Total: 66 creatures vanquished

Table legend:
 A = Non-vault XP
 B = Vault XP
 C = Vault XP percentage of total XP
 D = Non-vault monster count
 E = Vault monster count
 F = Vault count percentage of total count
                 A         B        C        D         E       F
            +---------+---------+-------+---------+---------+-------
      Total |     215 |       0 |   0.0 |      64 |       0 |   0.0
            +---------+---------+-------+---------+---------+-------
        D:1 |      48 |       0 |   0.0 |      25 |       0 |   0.0
        D:2 |      72 |       0 |   0.0 |      22 |       0 |   0.0
        D:3 |      40 |       0 |   0.0 |      16 |       0 |   0.0
        D:4 |      55 |       0 |   0.0 |       1 |       0 |   0.0
            +---------+---------+-------+---------+---------+-------

Illustrated notes

Table legend:
 A = Kills in this place as a percentage of kills in entire the game.
 B = Kills by you in this place as a percentage of kills by you in the entire game.
 C = Kills by friends in this place as a percentage of kills by friends in the entire game.
 D = Other kills in this place as a percentage of other kills in the entire game.
 E = Experience gained in this place as a percentage of experience gained in the entire game.
 F = Experience gained in this place divided by the number of levels of this place that you have seen.
                   A       B       C       D       E      F
               +-------+-------+-------+-------+-------+----------------------
         Total | 100.0 | 100.0 |   N/A |   N/A | 100.0 |  53.8
       Dungeon | 100.0 | 100.0 |   N/A |   N/A | 100.0 |  53.8
               +-------+-------+-------+-------+-------+----------------------

Table legend: (Time is in decaauts)
 A = Elapsed time spent in this place.
 B = Non-inter-level travel time spent in this place.
 C = Inter-level travel time spent in this place.
 D = Time resting spent in this place.
 E = Time spent auto-exploring this place.
 F = Levels seen in this place.
 G = Mean time per level.
                   A        B        C        D        E       F      G
               +--------+--------+--------+--------+--------+-----+--------+
         Total |   4877 |   4798 |     79 |    562 |   3637 |   4 | 1219.2 |
       Dungeon |   4877 |   4798 |     79 |    562 |   3637 |   4 | 1219.2 |
               +--------+--------+--------+--------+--------+-----+--------+

Top non-repeatable levels by time:
     D:2: 1768 daAuts
     D:1: 1551 daAuts
     D:3: 1471 daAuts
     D:4: 85 daAuts
